 Dungeon Crawl Stone Soup version 0.31-a0-152-g6aa68a64a1 (webtiles) character file.

Game seed: 711214343022752470

2052 qw the Skirmisher (level 9, -1/82 HPs)
             Began as a Naga Hunter on June 10, 2023.
             Was an Initiate of Okawaru.
             Killed from afar by an electric eel (17 damage)
             ... with a bolt of electricity
             ... on level 7 of the Dungeon.
             The game lasted 00:02:11 (4970 turns).

qw the Skirmisher (Naga Hunter)                     Turns: 4970, Time: 00:02:12

Health: -1/82      AC: 11    Str: 13    XL:     9   Next: 25%
Magic:  9/9        EV: 11    Int:  8    God:    Okawaru [......]
Gold:   372        SH:  5    Dex: 18    Spells: 8/8 levels left

rFire   + + +        a - +4 sling "Tuihy" {speed, rF++ rCorr Int-3 SInv}
rCold   . . .        (no shield)
rNeg    . . .        c - +0 leather armour
rPois   +            (no helmet)
rElec   .            (no cloak)
rCorr   +            d - +2 pair of gloves
SInv    +            (no barding)
Will    +....        p - amulet of reflection
Stlth   ++           h - +4 ring of protection
HPRegen 0.33/turn    (no ring)
MPRegen 0.11/turn

%: reflection
@: about to teleport, short of breath, very slow
A: AC +3, large, see invisible, deformed body, poison resistance, slowness 2,
spit poison 1, naga tail 1, fire resistance 1, subdued magic 1
a: Spit Poison, Renounce Religion


You were on level 7 of the Dungeon.
You worshipped Okawaru.
Okawaru was noncommittal.
You visited 2 branches of the dungeon, and saw 8 of its levels.
You also visited: Ossuary.

You collected 372 gold pieces.


Innate Abilities, Weirdness & Mutations

Your serpentine skin is tough. (AC +3)
You have supernaturally acute eyesight. (SInv)
Armour fits poorly on your strangely shaped body.
Your system is resistant to poisons. (rPois)
You cover ground very slowly.
You can spit poison.
You have a snake-like lower body.
Your flesh is heat resistant. (rF+)
Your spells are a little easier to cast, but a little less powerful.


   Skills:
 - Level 6.0 Fighting
 + Level 9.4 Ranged Weapons
 - Level 1.6 Armour
 - Level 3.3 Dodging
 - Level 1.5 Stealth


You had 8 spell levels left.
You didn't know any spells.
Your spell library was empty.

Inventory:

Hand Weapons
 a - the +4 sling "Tuihy" (weapon) {speed, rF++ rCorr Int-3 SInv}
   (You found it on level 2 of the Dungeon)

   Int:       It affects your intelligence (-3).
   rF:        It greatly protects you from fire.
   SInv:      It lets you see invisible.
   rCorr:     It protects you from acid and corrosion.
Armour
 c - a +0 leather armour (worn)
 d - a +2 pair of gloves (worn)
Jewellery
 e - a ring of fire
 h - a +4 ring of protection (left hand)
 j - a ring of resist corrosion
 p - an amulet of reflection (around neck)
 q - a ring of protection from fire
Scrolls
 g - 4 scrolls of teleportation
 l - a scroll of enchant armour
 m - a scroll of identify
Potions
 f - a potion of haste
 i - a potion of resistance {unknown}
 k - 2 potions of curing
 n - a potion of lignification {unknown}
 o - a potion of mutation

Dungeon Overview and Level Annotations

Branches:
Dungeon (7/15)             Temple (1/1) D:7         Ossuary (visited)

Altars:
Ashenzari
Cheibriados
Dithmenos
Elyvilon
Fedhas
Hepliaklqana
Kikubaaqudgha
Makhleb
Nemelex Xobeh
Okawaru
Qazlal
Ru
Sif Muna
Trog
Uskayaw
Vehumet
Wu Jian
Xom
Yredelemnul

Shops:
D:1 [

Annotations:
D:3 2 transporters, qw's ghost, amateur NaHu
D:7 Joseph


Message History

You feel much better.
A nearby plant withers and dies.
The electric eel shoots out a bolt of lightning at you!
The bolt of electricity misses you.
Joseph shoots a sling bullet.
You block the sling bullet with an invisible shield... and reflect it back!
The sling bullet hits Joseph!!
You shoot a sling bullet. The sling bullet hits Joseph.
Joseph is severely wounded.
You shoot a sling bullet. The sling bullet hits Joseph.
Joseph is almost dead.
The electric eel shoots out a bolt of lightning at you!
The bolt of electricity misses you.
Joseph shoots a sling bullet.
You block the sling bullet with an invisible shield... and reflect it back!
The sling bullet misses Joseph.
You shoot a sling bullet. The sling bullet hits Joseph.
Joseph is almost dead.
The electric eel shoots out a bolt of lightning at you!
The bolt of electricity hits you!
Joseph shoots a sling bullet.
The sling bullet barely misses you.
You shoot a sling bullet. The sling bullet hits Joseph.
Joseph is almost dead.
You shoot a sling bullet. The sling bullet closely misses Joseph.
Your surroundings suddenly seem different.
An ufetubus and an electric eel come into view.
4968 ||| INVOKING Spit Poison.
Aiming: Spit Poison (1% risk of failure)
Press: ? - help, Shift-Dir - straight line, f - ufetubus The splash of poison hits the ufetubus.
The ufetubus is poisoned.
The ufetubus is lightly wounded.
The ufetubus shouts!
You hear an angry hiss.
You shoot a sling bullet. The sling bullet misses the ufetubus.
The electric eel shoots out a bolt of lightning at you!
The bolt of electricity hits you!
4970 ||| READING 5 scrolls of teleportation.
As you read the scroll of teleportation, it crumbles to dust.
You feel strangely unstable.
The electric eel shoots out a bolt of lightning at you!
The bolt of electricity hits you!
You die...

...~P.~~~~~~~P~
~.~.P~PS~~~~~~.
~~~~~~~~~~~~~P.
P~~~~~~~~P~~~~.
~~~~~~~~P.~~...
~~~~~~~~~~5..#
.~P~~~.~~...#
P~.~...@....#
.........##.#
##########


You could see an electric eel and an ufetubus (poisoned).

Vanquished Creatures
  Sigmund (D:6)
  Eustachio (D:6)
  Menkaure (D:5)
  A water moccasin (D:6)
  An orc warrior (D:6)
  A sky beast (D:4)
  A black bear (D:6)
  An ogre (D:6)
  2 phantoms
  2 kobold brigands
  An elf zombie (Ossuary)
  Blork the orc (D:6)
  A bullfrog (D:6)
  A centaur zombie (Ossuary)
  2 jellies (D:6)
  A human zombie (Ossuary)
  3 orc priests
  3 sleepcaps (D:5)
  5 orc wizards
  An iguana (D:6)
  2 mummies (Ossuary)
  13 adders
  2 shadow imps (D:6)
  A white imp (D:5)
  An ufetubus (D:5)
  3 dart slugs
  6 orcs
  6 ball pythons
  2 endoplasms
  A giant cockroach (D:2)
  6 goblins
  9 hobgoblins
  A quokka (D:3)
  4 bats
  2 frilled lizards (D:2)
  A goblin zombie (Ossuary)
  9 hobgoblin zombies (Ossuary)
  A jackal zombie (Ossuary)
  15 kobolds
  10 kobold zombies (Ossuary)
  10 orc zombies (Ossuary)
  2 rats
  2 rat zombies (Ossuary)
140 creatures vanquished.

Notes
Turn   | Place    | Note
-------+----------+-------------------------------------------
     0 | D:1      | qw the Naga Hunter began the quest for the Orb.
     0 | D:1      | Reached XP level 1. HP: 19/19 MP: 1/1
     0 | D:1      | 0 ||| qw: Version: 0.2-a-122-gbc61b45
     0 | D:1      | 0 ||| qw: Game counter: 3566
     0 | D:1      | 0 ||| qw: Always use a shield: true
     0 | D:1      | 0 ||| qw: God list: Okawaru
     0 | D:1      | 0 ||| qw: Allow faded altars: false
     0 | D:1      | 0 ||| qw: Do Orc after D:15 true
     0 | D:1      | 0 ||| qw: Do second Lair branch before Depths: true
     0 | D:1      | 0 ||| qw: Lair rune preference: random
     0 | D:1      | 0 ||| qw: Plans: Normal
     0 | D:1      | 0 ||| PLANNING D:1-11
    39 | D:1      | 39 ||| INVOKING Spit Poison.
    43 | D:1      | Found Docui's Armour Shop.
    51 | D:1      | 51 ||| SHOPLISTING +0 helmet (54 gold, have 0).
    62 | D:1      | 62 ||| INVOKING Spit Poison.
   151 | D:1      | 151 ||| INVOKING Spit Poison.
   209 | D:1      | 209 ||| INVOKING Spit Poison.
   310 | D:1      | Reached skill level 4 in Ranged Weapons
   310 | D:1      | Reached XP level 2. HP: 26/26 MP: 2/2
   800 | D:1      | 800 ||| UPGRADING to +4 ring of protection.
   801 | D:1      | 801 ||| UPGRADING to ring of resist corrosion.
   802 | D:1      | 802 ||| READING scroll labelled LOJAEP PAISO.
   803 | D:1      | 803 ||| READING 2 scrolls labelled NIYMEOKHLUD.
   806 | D:1      | 806 ||| DRINKING 2 black potions.
   807 | D:1      | 807 ||| DROPPING scroll of butterflies.
   808 | D:1      | 808 ||| DROPPING potion of enlightenment.
   836 | D:2      | 836 ||| INVOKING Spit Poison.
   842 | D:2      | 842 ||| INVOKING Spit Poison.
   848 | D:2      | 848 ||| INVOKING Spit Poison.
   883 | D:2      | Identified the +4 sling "Tuihy" {speed, rF++ rCorr Int-3
                  | SInv}
   885 | D:2      | 885 ||| SWAPPING to +4 sling "Tuihy" {speed, rF++ rCorr
                  | Int-3 SInv}.
   886 | D:2      | 886 ||| REMOVING ring of resist corrosion.
   887 | D:2      | 887 ||| DROPPING +0 shortbow.
   953 | D:2      | 953 ||| INVOKING Spit Poison.
  1226 | D:2      | 1226 ||| INVOKING Spit Poison.
  1230 | D:2      | Reached XP level 3. HP: 32/32 MP: 3/3
  1256 | D:2      | 1256 ||| INVOKING Spit Poison.
  1262 | D:2      | 1262 ||| INVOKING Spit Poison.
  1418 | D:2      | 1418 ||| UPGRADING to +2 pair of gloves.
  1423 | D:2      | 1423 ||| READING scroll labelled WECALL BOUCW.
  1453 | D:3      | 1453 ||| INVOKING Spit Poison.
  1511 | D:3      | 1511 ||| INVOKING Spit Poison.
  1533 | D:3      | 1533 ||| INVOKING Spit Poison.
  1540 | D:3      | 1540 ||| INVOKING Spit Poison.
  1671 | D:3      | 1671 ||| INVOKING Spit Poison.
  1675 | D:3      | Reached skill level 5 in Ranged Weapons
  1675 | D:3      | Reached XP level 4. HP: 39/39 MP: 4/4
  1682 | D:3      | Found a transporter.
  1683 | D:3      | Noticed qw's ghost (amateur NaHu)
  1683 | D:3      | Noticed an ogre
  1683 | D:3      | Noticed an ogre
  1697 | D:3      | 1697 ||| INVOKING Spit Poison.
  1710 | D:3      | Noticed an ogre
  1715 | D:3      | Found a transporter.
  1820 | D:3      | 1820 ||| INVOKING Spit Poison.
  1842 | D:3      | 1842 ||| READING scroll labelled ESCHIA GOTRESK.
  1875 | D:4      | 1875 ||| INVOKING Spit Poison.
  2030 | D:4      | 2030 ||| INVOKING Spit Poison.
  2058 | D:4      | 2058 ||| INVOKING Spit Poison.
  2119 | D:4      | 2119 ||| INVOKING Spit Poison.
  2124 | D:4      | 2124 ||| INVOKING Spit Poison.
  2208 | D:4      | Found a bloodstained altar of Trog.
  2210 | D:4      | 2210 ||| Stepping ~*~*~tactically~*~*~ (outnumbered).
  2214 | D:4      | 2214 ||| INVOKING Spit Poison.
  2223 | D:4      | 2223 ||| INVOKING Spit Poison.
  2306 | D:4      | Found a radiant altar of Vehumet.
  2308 | D:4      | 2308 ||| INVOKING Spit Poison.
  2324 | D:4      | 2324 ||| INVOKING Spit Poison.
  2328 | D:4      | Noticed a sky beast
  2332 | D:4      | 2332 ||| INVOKING Spit Poison.
  2336 | D:4      | 2336 ||| INVOKING Spit Poison.
  2340 | D:4      | 2340 ||| INVOKING Spit Poison.
  2340 | D:4      | Killed a sky beast
  2341 | D:4      | Reached XP level 5. HP: 50/50 MP: 5/5
  2368 | D:4      | 2368 ||| INVOKING Spit Poison.
  2375 | D:4      | Reached XP level 6. HP: 56/57 MP: 6/6
  2377 | D:4      | 2377 ||| INVOKING Spit Poison.
  2384 | D:4      | 2384 ||| INVOKING Spit Poison.
  2533 | D:5      | Entered Level 5 of the Dungeon
  2557 | D:5      | 2557 ||| INVOKING Spit Poison.
  2578 | D:5      | Reached skill level 6 in Ranged Weapons
  2594 | D:5      | 2594 ||| INVOKING Spit Poison.
  2599 | D:5      | 2599 ||| INVOKING Spit Poison.
  2607 | D:5      | 2607 ||| INVOKING Spit Poison.
  2710 | D:5      | 2710 ||| INVOKING Spit Poison.
  2727 | D:5      | 2727 ||| INVOKING Spit Poison.
  2740 | D:5      | 2740 ||| INVOKING Spit Poison.
  2743 | D:5      | Reached XP level 7. HP: 64/64 MP: 7/7
  2760 | D:5      | 2760 ||| INVOKING Spit Poison.
  2783 | D:5      | 2783 ||| INVOKING Spit Poison.
  2820 | D:5      | 2820 ||| INVOKING Spit Poison.
  2827 | D:5      | 2827 ||| INVOKING Spit Poison.
  2843 | D:5      | 2843 ||| INVOKING Spit Poison.
  2847 | D:5      | 2847 ||| INVOKING Spit Poison.
  2856 | D:5      | 2856 ||| INVOKING Spit Poison.
  2857 | D:5      | Reached skill level 7 in Ranged Weapons
  2918 | D:5      | 2918 ||| INVOKING Spit Poison.
  3038 | D:5      | Noticed Menkaure
  3041 | D:5      | 3041 ||| Stepping ~*~*~tactically~*~*~ (outnumbered).
  3044 | D:5      | Killed Menkaure
  3057 | D:5      | HP: 15/64 [sleepcap (15)]
  3058 | D:5      | 3058 ||| READING 2 scrolls of teleportation.
  3376 | D:5      | 3376 ||| READING scroll labelled MIOREPPEOT.
  3377 | D:5      | 3377 ||| READING scroll labelled REYNIASOIG.
  3378 | D:5      | 3378 ||| DRINKING 2 fizzy coppery potions.
  3398 | D:6      | 3398 ||| PLANNING OSSUARY
  3400 | D:6      | 3400 ||| INVOKING Spit Poison.
  3478 | D:6      | 3478 ||| INVOKING Spit Poison.
  3497 | D:6      | Noticed Blork the orc
  3499 | D:6      | 3499 ||| INVOKING Spit Poison.
  3503 | D:6      | 3503 ||| INVOKING Spit Poison.
  3505 | D:6      | Killed Blork the orc
  3506 | D:6      | Reached XP level 8. HP: 66/72 MP: 8/8
  3636 | D:6      | Found a sand-covered staircase.
  3637 | D:6      | 3637 ||| READING scroll labelled TUPNOO TADGHYANN.
  3638 | D:6      | 3638 ||| READING 2 scrolls of identify.
  3638 | D:6      | 3638 ||| IDENTIFYING white potion
  3639 | D:6      | 3639 ||| DROPPING potion of attraction.
  3648 | Ossuary  | Entered an ossuary
  3745 | Ossuary  | Reached skill level 8 in Ranged Weapons
  3941 | Ossuary  | 3941 ||| UPGRADING to amulet of reflection.
  3946 | Ossuary  | 3946 ||| DRINKING 2 fuming sapphire potions.
  3946 | Ossuary  | Gained mutation: Your spells are a little easier to cast,
                  | but a little less powerful. [potion of mutation]
  3946 | Ossuary  | Gained mutation: Your flesh is heat resistant. (rF+)
                  | [potion of mutation]
  3947 | Ossuary  | 3947 ||| READING 3 scrolls of identify.
  3947 | Ossuary  | 3947 ||| IDENTIFYING fuming coppery potion
  3948 | Ossuary  | 3948 ||| READING 2 scrolls of identify.
  3948 | Ossuary  | 3948 ||| IDENTIFYING golden potion
  3949 | Ossuary  | 3949 ||| DROPPING potion of brilliance.
  3963 | D:6      | 3963 ||| PLANNING D:1-11
  4022 | D:6      | 4022 ||| INVOKING Spit Poison.
  4118 | D:6      | Identified the +3 whip of Qecze {freeze, Str+2}
  4136 | D:6      | Noticed Eustachio
  4139 | D:6      | 4139 ||| INVOKING Spit Poison.
  4139 | D:6      | Noticed Sigmund
  4145 | D:6      | 4145 ||| INVOKING Spit Poison.
  4146 | D:6      | Killed Sigmund
  4155 | D:6      | 4155 ||| INVOKING Spit Poison.
  4159 | D:6      | Killed Eustachio
  4160 | D:6      | Reached skill level 9 in Ranged Weapons
  4178 | D:6      | Reached skill level 1 in Armour
  4221 | D:6      | 4221 ||| INVOKING Spit Poison.
  4362 | D:6      | Found a sparkling altar of Nemelex Xobeh.
  4367 | D:6      | 4367 ||| INVOKING Spit Poison.
  4368 | D:6      | 4368 ||| Stepping ~*~*~tactically~*~*~ (outnumbered).
  4371 | D:6      | 4371 ||| INVOKING Spit Poison.
  4390 | D:6      | 4390 ||| INVOKING Spit Poison.
  4394 | D:6      | Reached skill level 6 in Fighting
  4394 | D:6      | Reached XP level 9. HP: 82/82 MP: 9/9
  4401 | D:6      | 4401 ||| INVOKING Spit Poison.
  4407 | D:6      | 4407 ||| INVOKING Spit Poison.
  4411 | D:6      | 4411 ||| INVOKING Spit Poison.
  4418 | D:6      | 4418 ||| INVOKING Spit Poison.
  4424 | D:6      | Reached skill level 3 in Dodging
  4426 | D:6      | 4426 ||| INVOKING Spit Poison.
  4435 | D:6      | 4435 ||| INVOKING Spit Poison.
  4444 | D:6      | 4444 ||| INVOKING Spit Poison.
  4456 | D:6      | 4456 ||| INVOKING Spit Poison.
  4593 | D:6      | 4593 ||| INVOKING Spit Poison.
  4600 | D:6      | 4600 ||| INVOKING Spit Poison.
  4659 | D:6      | 4659 ||| INVOKING Spit Poison.
  4763 | D:6      | Found a shimmering blue altar of Sif Muna.
  4763 | D:6      | Found a burning altar of Makhleb.
  4764 | D:6      | Found a broken altar of Ashenzari.
  4793 | D:6      | 4793 ||| READING scroll labelled CAINTANKEY.
  4794 | D:6      | 4794 ||| READING scroll labelled PUTUAPN TALYE.
  4795 | D:6      | 4795 ||| DRINKING 2 viscous amethyst potions.
  4861 | D:7      | Found a staircase to the Ecumenical Temple.
  4862 | D:7      | 4862 ||| PLANNING TEMPLE
  4867 | Temple   | Entered the Ecumenical Temple
  4871 | Temple   | 4871 ||| PLANNING OKAWARU WORSHIP
  4920 | Temple   | Became a worshipper of Warmaster Okawaru
  4920 | Temple   | 4920 ||| PLANNING D:1-11
  4952 | D:7      | Noticed Joseph
  4960 | D:7      | HP: 20/82 [electric eel/bolt of electricity (10)]
  4961 | D:7      | 4961 ||| READING 6 scrolls of teleportation.
  4961 | D:7      | HP: 9/82 [electric eel/bolt of electricity (8)]
  4962 | D:7      | 4962 ||| DRINKING potion of heal wounds.
  4968 | D:7      | 4968 ||| INVOKING Spit Poison.
  4969 | D:7      | HP: 16/82 [electric eel/bolt of electricity (8)]
  4970 | D:7      | 4970 ||| READING 5 scrolls of teleportation.
  4970 | D:7      | Killed from afar by an electric eel

Levels and vault maps discovered:
D:1:      dpeg_arrival_round_c, layout_loops_corners, serial_shops, shop
D:2:      layout_loops_ring
D:3:      layout_basic, gammafunk_ghost_smash, st_stairs_12,
          chequers_serial_rivers_small_a
D:4:      layout_basic, lemuel_tele_altar, trog_hazing_becter
D:5:      layout_basic, nrook_pool_corridor, st_stairs_10,
          minmay_stone_trees_medium, uniq_menkaure
D:6:      layout_loops_ring, nemelex_dance_club_becter,
          gammafunk_temple_overflow_claw, enter_ossuary_1, minmay_misc_feat_x,
          grunt_ministairs_12, dreamdust_mushroom_princess, uniq_blork_the_orc,
          uniq_eustachio, uniq_sigmund
D:7:      layout_loops_ring, mainiacjoe_overflow_swirl,
          minmay_temple_entry_hall, chequers_big_river, uniq_joseph
Temple:   nicolae_temple_god_jail

Skill      XL: |  1  2  3  4  5  6  7  8  9 |
---------------+----------------------------+-----
Ranged Weapons | 4 5 6 7 9 |  9.4
Fighting       | 4 6 |  6.0
Dodging        | 2 3 |  3.3
Armour         | 1 |  1.6
Stealth        | |  1.5

Action                     |  1- 3 |  4- 6 |  7- 9 || total
---------------------------+-------+-------+-------++-------
   Fire: Shortbow          |    18 |       |       ||    18
         Sling             |    21 |    86 |   315 ||   422
Ability: Spit Poison       |    16 |    24 |    32 ||    72
    Use: Scroll            |     3 |     1 |    11 ||    15
         Potion            |     1 |       |     4 ||     5
 Armour: Leather armour    |     3 |     9 |    45 ||    57
  Dodge: Dodged            |     5 |     7 |    38 ||    50
  Block: Other             |       |       |     7 ||     7
         Reflection        |       |       |     3 ||     3

Table legend:
 A = Non-vault XP
 B = Vault XP
 C = Vault XP percentage of total XP
 D = Non-vault monster count
 E = Vault monster count
 F = Vault count percentage of total count
                 A         B        C        D         E       F
            +---------+---------+-------+---------+---------+-------
      Total |    1662 |    1270 |  43.3 |      86 |      54 |  38.6
            +---------+---------+-------+---------+---------+-------
        D:1 |      13 |       0 |   0.0 |       7 |       0 |   0.0
        D:2 |      27 |       0 |   0.0 |      11 |       0 |   0.0
        D:3 |      56 |       2 |   3.4 |      12 |       1 |   7.7
        D:4 |     314 |       9 |   2.8 |      16 |       6 |  27.3
        D:5 |     510 |     172 |  25.2 |      22 |       2 |   8.3
        D:6 |     742 |     830 |  52.8 |      18 |       7 |  28.0
    Ossuary |       0 |     257 | 100.0 |       0 |      38 | 100.0
            +---------+---------+-------+---------+---------+-------
